 Dungeon Crawl Stone Soup version 0.26.1-11-gd32895ea62 (webtiles) character file.

Game seed: 6351601048273293654

12 Kalagan26 the Grave Robber (level 2, 0/20 HPs)
             Began as a Ghoul Necromancer on June 19, 2021.
             Slain by a leopard gecko (5 damage)
             ... on level 1 of the Dungeon.
             The game lasted 00:03:12 (814 turns).

Kalagan26 the Grave Robber (Ghoul Necromancer)       Turns: 814, Time: 00:03:13

Health: 0/20       AC:  2    Str: 11    XL:     2   Next: 33%
Magic:  0/3        EV: 12    Int: 10    God:
Gold:   28         SH:  0    Dex:  9    Spells: 3/4 levels left

rFire    . . .     SeeInvis .   h - +0 club
rCold    + . .     Faith    .   (no shield)
rNeg     + + +     Spirit   .   a - +0 robe
rPois    ∞         Reflect  .   (no helmet)
rElec    .         Harm     .   (no cloak)
rCorr    .         Rampage  .   (no gloves)
Will     .....                  (no boots)
Stlth    ++........             (no amulet)
HPRegen  0.00/turn              (no ring)
MPRegen  0.08/turn              (no ring)

@: no status effects
A: claws 1, cold resistance 1, negative energy resistance 3, inhibited
regeneration, torment resistance, unbreathing
a: no special abilities


You were on level 1 of the Dungeon.
You visited 1 branch of the dungeon, and saw 1 of its levels.

You collected 28 gold pieces.

Inventory:

Hand Weapons
 h - a +0 club (weapon)
Missiles
 j - 9 poisoned darts
Armour
 a - a +0 robe (worn)
Scrolls
 e - a scroll of noise {unknown}
 g - a scroll of amnesia {unknown}
 i - a scroll of immolation {unknown}
 k - a scroll of identify {unknown}
Potions
 b - a potion of might {unknown}
 c - 2 potions of flight {unknown}
 d - a potion of resistance {unknown}
 f - a potion of attraction {unknown}
 l - 2 potions of curing {unknown}


   Skills:
 + Level 1.8 Dodging
 + Level 2.2 Stealth
 + Level 1.8 Spellcasting
 + Level 4.4 Necromancy


You had 3 spell levels left.
You knew the following spells:

 Your Spells              Type           Power        Failure   Level
a - Pain                  Necr           36%          4%          1

Your spell library contained the following spells:

 Spells                   Type           Power        Failure   Level
 Animate Skeleton         Necr           18%          4%          1
 Vampiric Draining        Necr           4%           16%         3
 Animate Dead             Necr           4%           45%         4
 Agony                    Necr           9%           80%         5


Dungeon Overview and Level Annotations

Branches:
Dungeon (1/15)

Altars:


Innate Abilities, Weirdness & Mutations

You thrive by killing the living.
You are immune to poison.
You have sharp fingernails.
Your flesh is cold resistant. (rC+)
You are immune to negative energy. (rN+++)
You do not regenerate when monsters are visible.
You are immune to unholy pain and torment.
You can survive without breathing.


Message History

Aiming: Pain (safe; 4% risk of failure)
Press: ? - help, Q - select action, (/) - cycle Shift-Dir - straight line, f - leopard gecko
Aim: a leopard gecko (chance to affect: 76%)
The leopard gecko barely resists.
The leopard gecko bites you. The leopard gecko barely misses you.
The leopard gecko closely misses you. The leopard gecko bites you.
* * * LOW HITPOINT WARNING * * *
Aiming: Pain (safe; 4% risk of failure)
Press: ? - help, Q - select action, (/) - cycle Shift-Dir - straight line, f/p - leopard gecko
Aim: a leopard gecko (chance to affect: 76%)
The leopard gecko barely resists.
The leopard gecko barely misses you. The leopard gecko misses you.
Aiming: Pain (safe; 4% risk of failure)
Press: ? - help, Q - select action, (/) - cycle Shift-Dir - straight line, f/p - leopard gecko
Aim: a leopard gecko (chance to affect: 76%)
The leopard gecko writhes in agony.
The leopard gecko misses you. The leopard gecko bites you.
You die...

...## #####.#...##.# .#.# #.#
#####.. .....# #†# .#.# #.#
#..##.# #.##.# #.# .#.#
#.#######..##.###.##.# #.# .#.#
#.##............#.##.# #.# .#.#
#.##.# #.........##.# #.#
.#.#####.##.# ##......#.....# #.#
......##.##.###...##.###.##.###.#
##..............@...## ##....##.#
####.##........l...# ##>.....#
#.#####.##......# ##....#### #..
.........##.###....##
#######.####.####.#.#####
#............## ##############


You could see a leopard gecko.

Vanquished Creatures
  A dart slug (D:1)
  A leopard gecko (D:1)
  A giant cockroach (D:1)
  3 goblins (D:1)
  A kobold (D:1)
  A frilled lizard (D:1)
8 creatures vanquished.

Notes
Turn   | Place    | Note
-------+----------+-------------------------------------------
     0 | D:1      | Kalagan26 the Ghoul Necromancer began the quest for the
                  | Orb.
     0 | D:1      | Reached XP level 1. HP: 14/14 MP: 2/2
   458 | D:1      | Reached XP level 2. HP: 20/20 MP: 0/3
   814 | D:1      | Slain by a leopard gecko

Illustrated notes

Levels and vault maps discovered:
D:1:      minmay_arrival_checkered_box, layout_loops_ring

Action                   || total
-------------------------++-------
Melee: Unarmed           ||     5
       Club              ||     7
 Cast: Pain              ||    16
Armor: Robe              ||     5
Dodge: Dodged            ||    19
